 Dungeon Crawl Stone Soup version 0.29-a0-106-g0a07039d5a (webtiles) character file.

Game seed: 14820596286606349355

25 YayAnonymity the Sneak (level 3, -2/21 HPs)
             Began as an Octopode Enchanter on Feb 16, 2022.
             Slain by Terence (12 damage)
             ... on level 2 of the Dungeon.
             The game lasted 00:01:25 (1181 turns).

YayAnonymity the Sneak (Octopode Enchanter)         Turns: 1181, Time: 00:01:25

Health: -2/21      AC:  1    Str:  7    XL:     3   Next: 6%
Magic:  6/6        EV: 13    Int: 17    God:
Gold:   118        SH:  0    Dex: 14    Spells: 6/6 levels left

rFire   . . .      SeeInvis .   a - +1 dagger
rCold   . . .      Faith    .   (no shield)
rNeg    . . .      Spirit   .   (helmet restricted)
rPois   .          Reflect  .   (no amulet)
rElec   .          Harm     .   (no ring)
rCorr   .          Rampage  .   (no ring)
Will    .....                   (no ring)
Stlth   ++++......              (no ring)
HPRegen 0.07/turn               (no ring)
MPRegen 0.10/turn               (no ring)
                                (no ring)
                                (no ring)

@: no status effects
A: almost no armour, amphibious, 8 rings, camouflage 1, gelatinous body 1,
(nimble swimmer 1), tentacles
a: no special abilities


You were on level 2 of the Dungeon.
You visited 1 branch of the dungeon, and saw 2 of its levels.

You collected 118 gold pieces.

Inventory:

Hand Weapons
 a - a +1 dagger (weapon)
Missiles
 g - 10 poisoned darts (quivered)
Scrolls
 c - a scroll of holy word {unknown}
 d - 2 scrolls of identify {unknown}
Potions
 b - a potion of invisibility
 e - a potion of attraction {unknown}
 f - 2 potions of mutation {unknown}
 h - a potion of flight {unknown}


   Skills:
 + Level 1.6 Short Blades
 - Level 2.0 Dodging
 + Level 4.5 Stealth
 + Level 2.3 Spellcasting
 + Level 3.2 Hexes


You had 6 spell levels left.
You didn't know any spells.
Your spell library contained the following spells:

 Spells                   Type           Power      Damage    Failure   Level
 Ensorcelled Hibernation  Hex/Ice        14%        N/A       14%         2
 Confusing Touch          Hex            13%        N/A       14%         3
 Tukima's Dance           Hex            13%        N/A       14%         3
 Dazzling Flash           Conj/Hex       14%        N/A       28%         3


Dungeon Overview and Level Annotations

Branches:
Dungeon (2/15)

Altars:

Annotations:
D:2 Terence


Innate Abilities, Weirdness & Mutations

You cannot wear most types of armour.
You are amphibious.
You can wear up to eight rings at the same time.
Your skin changes colour to match your surroundings (Stealth+).
Your rubbery body absorbs attacks. (AC +1, EV +1)
((You are camouflaged when in or above water. (Stealth+)))
You have tentacles for arms and can constrict up to eight enemies at once.


Message History

There is a stone staircase leading down here.
You see here 20 stones.
You now have 113 gold pieces (gained 8).
A ball python comes into view.
Found 22 stones.
Terence the Incautious comes into view.
He is wielding a +0 flail.
Found 6 gold pieces and 19 stones.
You see here 22 stones.
Terence shouts!
You see here 22 stones.
You see here 5 gold pieces.
You now have 118 gold pieces (gained 5).
Okay, then.
Okay, then.
You hit Terence but do no damage. You grab Terence.
You constrict Terence, but do no damage.
Terence misses you.
The ball python hisses angrily.
You hit Terence but do no damage. You squeeze Terence, but do no damage.
You constrict Terence. Terence hits you with a +0 flail.
You hit Terence but do no damage.
Terence is lightly wounded.
You constrict Terence, but do no damage.
Terence hits you with a +0 flail.
You hit Terence but do no damage.
Terence is lightly wounded.
You constrict Terence, but do no damage.
Terence hits you with a +0 flail.
You hit Terence. You squeeze Terence, but do no damage.
Terence is lightly wounded.
You constrict Terence, but do no damage.
You hit Terence but do no damage.
Terence is lightly wounded.
You constrict Terence, but do no damage.
Terence misses you.
You hit Terence. You squeeze Terence!
Terence is severely wounded.
You constrict Terence. Terence hits you with a +0 flail!
Ouch! That really hurt!
You die...

#.# ### #.# ... #.#
... #.#
####.#####.########
#.......##........#
#....(..##.######.#
#..$....##.# #.#
........S@@# #.#
#.......#### #.####
#.......# #....#
#.......# #....#
#.##.#### ##.(.#
#.##. ##.## #.##.#
#.# #.# .# #.# #.#
.# ###.#


You could see Terence and a ball python.

Vanquished Creatures
  A dart slug (D:1)
  An endoplasm (D:2)
  3 goblins
  3 hobgoblins
  3 jackals (D:1)
  2 ball pythons (D:1)
  4 bats
  A kobold (D:1)
  4 rats
22 creatures vanquished.

Notes
Turn   | Place    | Note
-------+----------+-------------------------------------------
     0 | D:1      | YayAnonymity the Octopode Enchanter began the quest for the
                  | Orb.
     0 | D:1      | Reached XP level 1. HP: 11/11 MP: 3/3
    59 | D:1      | Found a faded altar of an unknown god.
   269 | D:1      | Reached XP level 2. HP: 14/17 MP: 5/5
  1061 | D:2      | Reached XP level 3. HP: 21/21 MP: 6/6
  1166 | D:2      | Noticed Terence
  1181 | D:2      | Slain by Terence

Illustrated notes

Levels and vault maps discovered:
D:1:      ebering_trefoil_twist, layout_basic, basic_ecumenical_altar
D:2:      layout_loops_ring, uniq_terence

Action                   || total
-------------------------++-------
Melee: Dagger            ||    41
       Tentacles         ||    12
       Constrict         ||    10
       Punch             ||     1
 Stab: Sleeping          ||     7
       Distracted        ||     1
Dodge: Dodged            ||    13

Table legend: (Time is in decaauts)
 A = Elapsed time spent in this place.
 B = Non-inter-level travel time spent in this place.
 C = Inter-level travel time spent in this place.
 D = Time resting spent in this place.
 E = Time spent auto-exploring this place.
 F = Levels seen in this place.
 G = Mean time per level.
                   A        B        C        D        E       F      G
               +--------+--------+--------+--------+--------+-----+--------+
         Total |   1178 |   1156 |     22 |      0 |   1006 |   2 |  589.0 |
       Dungeon |   1178 |   1156 |     22 |      0 |   1006 |   2 |  589.0 |
               +--------+--------+--------+--------+--------+-----+--------+

Top non-repeatable levels by time:
     D:1: 1029 daAuts
     D:2: 149 daAuts
